 Dungeon Crawl Stone Soup version 0.18.1-6-gd335043 (webtiles) character file.

350 Heskey the Skirmisher (level 6, -4/40 HPs)
             Began as a Gargoyle Gladiator on May 19, 2016.
             Was an Initiate of Okawaru.
             Killed from afar by Dowan (8 damage)
             ... with a shard of ice
             ... on level 3 of the Dungeon.
             The game lasted 00:04:41 (2531 turns).

Heskey the Skirmisher (Gargoyle Gladiator)          Turns: 2531, Time: 00:04:42

Health: -4/40      AC: 10    Str: 21    XL:     6   Next: 61%
Magic:  6/6        EV: 12    Int:  8    God:    Okawaru [......]
Gold:   139        SH:  0    Dex: 10    Spells: 0 memorised, 5 levels left

rFire  . . .     SeeInvis .     a - +0 flail
rCold  . . .     Gourm    .     b - +0 leather armour
rNeg   + . .     Faith    .     (no shield)
rPois  ∞         Spirit   .     c - +0 helmet
rElec  +         Dismiss  .     (no cloak)
rCorr  .         Reflect  .     o - +0 pair of gloves
SustAt .         Harm     .     (no boots)
MR     .....                    (no amulet)
Stlth  +.........               (no ring)
                                e - ring of flight

@: not resistant to hostile enchantments, very unstealthy
A: negative energy resistance 1, electricity resistance, unbreathing,
petrification resistance, rot immunity, AC +4
a: Renounce Religion, Evoke Flight


You were on level 3 of the Dungeon.
You worshipped Okawaru.
Okawaru was noncommittal.
You were hungry.

You visited 1 branch of the dungeon, and saw 4 of its levels.

You collected 139 gold pieces.

Inventory:

Hand Weapons
 a - a +0 flail (weapon)
Missiles
 d - 3 throwing nets (quivered)
Armour
 b - a +0 leather armour (worn)
 c - a +0 helmet (worn)
 o - a +0 pair of gloves (worn)
Jewellery
 e - a ring of flight (left hand)
Scrolls
 h - a scroll of fog {unknown}
 i - a scroll of identify
 k - a scroll of immolation {unknown}
 l - a scroll of enchant armour {unknown}
 p - a scroll of recharging {unknown}
Potions
 m - 2 potions of flight
Comestibles
 f - 5 bread rations
 g - 2 slices of pizza
 j - 2 meat rations


   Skills:
 * Level 5.4 Fighting
 + Level 4.4 Maces & Flails
 - Level 1.7 Throwing
 + Level 3.1 Armour
 - Level 2.4 Dodging


You had 5 spell levels left.
You didn't know any spells.

Dungeon Overview and Level Annotations

Branches:
Dungeon (4/15)
 Temple: D:4-7

Altars:
Elyvilon
Okawaru
Qazlal
Zin
The Shining One

Annotations:
D:3 Dowan


Innate Abilities, Weirdness & Mutations

You are resistant to torment.
Your stone body is resilient (AC +4).
You are immune to poison.
You resist negative energy.
You are resistant to electric shocks.
You can survive without breathing.
You are immune to petrification.
You are immune to rotting.


Message History

You hit Dowan.
Dowan is almost dead.
Dowan hits you but does no damage. x2
You barely miss Dowan.
Dowan is almost dead.
Dowan hits you with a dagger.
* * * LOW HITPOINT WARNING * * *
Dowan gestures wildly while chanting.
Dowan blinks!
You barely miss Dowan.
Dowan is almost dead.
Dowan hits you but does no damage.
You hit Dowan but do no damage.
Dowan is almost dead.
Dowan misses you. Dowan closely misses you.
You miss Dowan.
Dowan is almost dead.
Dowan casts a spell at you. The shard of ice hits you!
You die...

#.##.#.##..#......# #8..
#.##...##..###.#..# #
#.###..........##.# #8 #.#
#<............####### #. #.#
##........###.......######8.
#.# #.##...### #.#####.....#
##> #.# #.##...# #.# #######
### #.####.###.## ##.## #.
#..........# ##@e)## #.
##########.# ##.###.## ##
#.# #.## ##.############ #.#
#.# #.......#..<.. #.# #.##
##.#####.#.###. #.#
##.###.######.#.# #. #.#
##.......÷=.....###.
#.###...#########......#
#....#### #######.


You could see Dowan.

Vanquished Creatures
  Duvessa (D:3)
  The ghost of Uhlv the Ruffian, an amateur VSMo (D:3)
  Terence (D:2)
  4 gnolls (D:3)
  An adder (D:3)
  An ooze (D:1)
  A worm (D:2)
  3 dart slugs
  5 giant geckos
  6 orcs (D:3)
  11 bats
  6 giant cockroaches
  5 goblins
  7 hobgoblins
  5 jackals
  7 kobolds
  A ball python (D:2)
  11 giant newts
  11 rats
88 creatures vanquished.

Notes
Turn   | Place    | Note
--------------------------------------------------------------
     0 | D:1      | Heskey the Gargoyle Gladiator began the quest for the Orb.
     0 | D:1      | Reached XP level 1. HP: 12/12 MP: 1/1
    67 | D:1      | Reached XP level 2. HP: 16/18 MP: 2/2
   123 | D:1      | Reached skill level 1 in Armour
   189 | D:1      | Reached XP level 3. HP: 19/22 MP: 3/3
   264 | D:1      | Reached skill level 3 in Fighting
  1110 | D:2      | Reached XP level 4. HP: 25/28 MP: 4/4
  1460 | D:2      | Noticed Terence
  1469 | D:2      | Killed Terence
  1613 | D:3      | Reached skill level 4 in Fighting
  1634 | D:3      | Reached XP level 5. HP: 23/33 MP: 5/5
  1706 | D:3      | Noticed Uhlv's ghost (amateur VSMo)
  1713 | D:3      | Killed Uhlv's ghost
  1773 | D:3      | Found an iron altar of Okawaru.
  1789 | D:3      | Became a worshipper of Warmaster Okawaru
  1958 | D:3      | Reached XP level 6. HP: 17/40 MP: 6/6
  1967 | D:3      | Reached skill level 5 in Fighting
  2232 | D:3      | Found a glowing silver altar of Zin.
  2232 | D:3      | Found a white marble altar of Elyvilon.
  2233 | D:3      | Found a glowing golden altar of the Shining One.
  2326 | D:3      | Found a stormy altar of Qazlal.
  2495 | D:4      | Noticed Duvessa
  2495 | D:4      | Noticed Dowan
  2513 | D:3      | Killed Duvessa
  2531 | D:3      | Killed from afar by Dowan

Skill      XL: |  1  2  3  4  5  6 |
---------------+-------------------+-----
Armour         | 1 2 3 |  3.1
Fighting       | 3 4 5 |  5.4
Maces & Flails | 4 |  4.4
Throwing       | |  1.7
Dodging        | |  2.4

Action                   |  1- 3 |  4- 6 || total
-------------------------+-------+-------++-------
Melee: Flail             |   142 |   197 ||   339
  Use: Scroll            |       |     5 ||     5
       Potion            |       |     2 ||     2
  Eat: Chunk             |     1 |     4 ||     5
Armor: Leather armour    |    80 |   102 ||   182
Dodge: Dodged            |   116 |   163 ||   279
